 Dungeon Crawl Stone Soup version 0.21-a0-641-geef9d7f (webtiles) character file.

256 reaverb the Insei (level 6, 0/39 HPs)
             Began as an Octopode Transmuter on Dec 30, 2017.
             Was a Follower of Cheibriados.
             Slain by a quasit (1 damage)
             ... on level 4 of the Dungeon.
             The game lasted 00:11:39 (4417 turns).

reaverb the Insei (Octopode Transmuter)             Turns: 4417, Time: 00:11:40

Health: 0/39       AC:  1    Str: 11      XL:     6   Next: 16%
Magic:  1/9        EV: 14    Int: 17      God:    Cheibriados [*.....]
Gold:   124        SH:  0    Dex: 16 (17) Spells: 6/9 levels left

rFire    . . .     SeeInvis .     - Unarmed
rCold    . . .     Gourm    .   (no shield)
rNeg     . . .     Faith    .   (helmet restricted)
rPois    .         Spirit   .   (no amulet)
rElec    .         Reflect  .   (no ring)
rCorr    .         Harm     .   (no ring)
MR       .....                  (no ring)
Stlth    ++........             (no ring)
HPRegen  0.13/turn              (no ring)
MPRegen  0.11/turn              (no ring)
                                (no ring)
                                (no ring)

@: about to teleport, very slightly contaminated, very slow
A: almost no armour, stealthy swim, amphibious, 8 rings, constrict 8, camouflage
1, gelatinous body 1
a: Bend Time, Renounce Religion


You were on level 4 of the Dungeon.
You worshipped Cheibriados.
Cheibriados was aware of your devotion.
You were hungry.

You visited 1 branch of the dungeon, and saw 4 of its levels.

You collected 124 gold pieces.

Notes
Turn   | Place    | Note
-------+----------+-------------------------------------------
     0 | D:1      | reaverb the Octopode Transmuter began the quest for the Orb.
     0 | D:1      | Reached XP level 1. HP: 13/13 MP: 3/3
    11 | D:1      | Huge Dmg: 4 Dmg
    19 | D:1      | Huge Dmg: 3 Dmg
   216 | D:1      | Huge Dmg: 3 Dmg
   240 | D:1      | Reached XP level 2. HP: 14/18 MP: 5/5
   408 | D:1      | Huge Dmg: 4 Dmg
   634 | D:1      | Reached skill level 4 in Unarmed Combat
   662 | D:1      | Reached XP level 3. HP: 22/23 MP: 6/6
   982 | D:2      | Huge Dmg: 8 Dmg
  1191 | D:2      | Huge Dmg: 4 Dmg
  1196 | D:2      | Reached XP level 4. HP: 17/28 MP: 7/7
  1465 | D:2      | Reached skill level 5 in Unarmed Combat
  1494 | D:2      | Found a snail-covered altar of Cheibriados.
  1525 | D:2      | Huge Dmg: 7 Dmg
  1552 | D:2      | Huge Dmg: 4 Dmg
  1911 | D:2      | Found an iron altar of Okawaru.
  2057 | D:3      | Reached XP level 5. HP: 30/33 MP: 6/8
  2156 | D:3      | Noticed belegose's ghost (amateur OgNe)
  2159 | D:3      | Huge Dmg: 10 Dmg
  2161 | D:3      | Huge Dmg: 11 Dmg
  2179 | D:3      | Huge Dmg: 5 Dmg
  2227 | D:3      | Noticed Ijyb
  2417 | D:3      | Learned a level 2 spell: Sticks to Snakes
  2460 | D:3      | Killed Ijyb
  2790 | D:3      | Huge Dmg: 11 Dmg
  2794 | D:3      | Huge Dmg: 7 Dmg
  3031 | D:2      | Became a worshipper of Cheibriados the Contemplative
  3661 | D:3      | Found a shattered altar of Ashenzari.
  3864 | D:4      | Noticed Duvessa
  3876 | D:3      | Huge Dmg: 9 Dmg
  3996 | D:3      | Huge Dmg: 8 Dmg
  3998 | D:3      | Huge Dmg: 6 Dmg
  4002 | D:3      | Huge Dmg: 6 Dmg
  4003 | D:3      | Huge Dmg: 4 Dmg
  4004 | D:3      | HP: 1/34 [belegose's ghost (5)]
  4005 | D:3      | Huge Dmg: 5 Dmg
  4323 | D:4      | Reached XP level 6. HP: 39/39 MP: 7/9
  4338 | D:4      | Found a shadowy altar of Dithmenos.
  4391 | D:4      | Reached * piety under Cheibriados
  4395 | D:4      | Found a shimmering altar of Xom.
  4395 | D:4      | Found a shimmering altar of Xom.
  4397 | D:4      | Noticed Dowan
  4408 | D:4      | Huge Dmg: 10 Dmg
  4409 | D:4      | Huge Dmg: 12 Dmg
  4416 | D:4      | HP: 1/39 [Duvessa/short sword of speed (8)]
  4417 | D:4      | Huge Dmg: 8 Dmg
  4417 | D:4      | Slain by a quasit

Inventory:

Missiles
 a - 17 arrows
Wands
 i - a wand of iceblast (11)
Scrolls
 e - 4 scrolls of identify
 f - a scroll of immolation {unknown}
 g - 2 scrolls of teleportation
 h - a scroll of fog {unknown}
 j - a scroll of fear {unknown}
Potions
 l - a potion of curing
Books
 b - a book of Changes

   Spells                             Type                      Level
   a - Beastly Appendage              Transmutation                1
   b - Sticks to Snakes               Transmutation                2
   c - Spider Form                    Transmutation/Poison         3
   d - Ice Form                       Ice/Transmutation            4
   e - Blade Hands                    Transmutation                5
Comestibles
 c - 7 rations

Table legend:
 A = Turns spent in this place as a percentage of turns spent in the entire game.
 B = Non-inter-level travel turns spent in this place as a percentage of non-inter-level travel turns spent in the entire game.
 C = Inter-level travel turns spent in this place as a percentage of turns spent in this place.
 D = Turns resting spent in this place as a percentage of non-inter-level travel turns spent in this place.
 E = Turns spent auto-exploring this place as a percentage of non-inter-level travel turns spent in this place.
 F = Non-inter-level travel turns spent in this place divided by the number of levels of this place that you've seen.
                   A       B       C       D       E      F
               +-------+-------+-------+-------+-------+----------------------
         Total | 100.0 | 100.0 |   3.3 |  45.4 |  15.4 | 1068.0
       Dungeon | 100.0 | 100.0 |   3.3 |  45.4 |  15.4 | 1068.0
               +-------+-------+-------+-------+-------+----------------------


   Skills:
 - Level 2.0 Fighting
 - Level 2.7 Dodging
 - Level 5.8 Unarmed Combat
 - Level 2.0 Spellcasting
 + Level 2.5 Transmutations


You had 6 spell levels left.
You knew the following spells:

 Your Spells              Type           Power        Failure   Level  Hunger
a - Beastly Appendage     Tmut           ##....       7%          1    #......
b - Sticks to Snakes      Tmut           ##......     11%         2    ###....


Dungeon Overview and Level Annotations

Branches:
Dungeon (4/15)
 Temple: D:4-7

Altars:
Ashenzari
Cheibriados
Dithmenos
Okawaru
Xom

Annotations:
D:3 exclusion: downstairs, belegose's ghost, amateur OgNe
D:4 Dowan; Duvessa


Innate Abilities, Weirdness & Mutations

You cannot wear most types of armour.
You are very stealthy in the water. (Stealth+)
You are amphibious.
You can wear up to eight rings at the same time.
You can use your tentacles to constrict eight enemies at once.
Your skin changes colour to match your surroundings (Stealth+).
Your rubbery body absorbs attacks. (AC +1, EV +1)


Message History

The quasit barely misses your ball python.
The quasit closely misses your ball python. x2
Huge Dmg: -26%(-10hp) hp: 59%(23hp)
You tentacle-slap Duvessa but do no damage.
Duvessa is heavily wounded.
Duvessa hits you with a short sword of speed.
* * * LOW HITPOINT WARNING * * *
Your ball python bites Duvessa but does no damage.
Your ball python bites Dowan.
Your ball python constricts Duvessa.
Dowan smirks and points a slender finger.
Dowan hits your ball python with a dagger.
Duvessa says, "My weaknesses are his strengths!"
Duvessa hits you with a short sword of speed!
* * * LOW HITPOINT WARNING * * *
The quasit barely misses your ball python.
The quasit claws your ball python.
The quasit closely misses your ball python.
Your ball python bites Duvessa.
Huge Dmg: -30%(-12hp) hp: 29%(11hp) Unknown command.
Unknown command.
Duvessa hits your ball python with a short sword of speed.
Your ball python dies!
Your ball python bites Duvessa but does no damage.
Your ball python closely misses Dowan.
Your ball python constricts Duvessa.
Duvessa hits your ball python with a short sword of speed!
Your ball python dies!
Dowan completely misses your ball python.
Your ball python closely misses Dowan.
Your ball python constricts Duvessa.
Duvessa shouts!
Unknown command.
Unknown command.
Unknown command.
Duvessa struggles to escape constriction.
Your ball python bites Dowan.
Your ball python constricts Duvessa.
Duvessa struggles to escape constriction.
Your ball python bites Dowan but does no damage.
Your ball python constricts Duvessa.
Duvessa struggles to escape constriction.
Your ball python bites Dowan.
Your ball python constricts Duvessa.
The quasit misses you. The quasit closely misses you. The quasit misses you.
Duvessa escapes!
Dowan gestures wildly while chanting.
Dowan blinks!
Casting: Sticks to Snakes
Confirm with . or Enter, or press ? or * to list all spells.
Okay, then.
Unknown command.
Casting: Sticks to Snakes
Confirm with . or Enter, or press ? or * to list all spells.
You miscast Sticks to Snakes.
You are very lightly contaminated with residual magic.
You smell something strange.
The quasit barely misses you. The quasit misses you.
The quasit closely misses you.
Your ball python bites Dowan.
Your ball python grabs Dowan.
Your ball python constricts Dowan.
Dowan struggles to escape constriction.
Unknown command.
Casting: Sticks to Snakes
Confirm with . or Enter, or press ? or * to list all spells.
You create a snake!
You now have 17 arrows.
The quasit barely misses you. The quasit claws you.
* * * LOW HITPOINT WARNING * * *
The quasit barely misses you.
Your ball python bites Dowan.
Your ball python constricts Dowan.
The quasit bites you.
* * * LOW HITPOINT WARNING * * *
You feel clumsy. The quasit claws you.
* * * LOW HITPOINT WARNING * * *
The quasit misses you.
Your ball python bites Dowan but does no damage.
Your ball python constricts Dowan.
Dowan struggles to escape constriction.
Damage: -5%(-2hp) hp: 24%(9hp) Unknown command.
You swap places.
Duvessa says, "When magic and the sword combine, nothing stands against them."
The quasit bites your ball python.
Your ball python dies!
Your ball python loses its grip on something.
There is an open door here.
Something hits your ball python.
Your ball python dies!
The quasit barely misses you.
The quasit claws you but does no damage. x2
Unknown command.
As you read the scroll labeled TYIVAI GEBIPN, it crumbles to dust.
It is a scroll of identify.
g - 3 scrolls of teleportation Duvessa hits you with a short sword of speed!
* * * LOW HITPOINT WARNING * * *
The quasit closely misses you. The quasit barely misses you.
The quasit claws you but does no damage.
Duvessa misses you.
Huge Dmg: -21%(-8hp) hp: 3%(1hp)
As you read the scroll of teleportation, it crumbles to dust.
You feel strangely unstable. Duvessa misses you.
Dowan mumbles some strange words.
Dowan blinks!
The quasit bites you but does no damage.
The quasit claws you.
You die...

...#.....#...# ...###'###...#
###### ............## #....#
............# ##....####
.......########### #.....)..#
.......# #...# #........#
.......# #...# #......=.#
.......#######...###.........
.............'..@5Z..........
##.######.####..e###.ยง.......
..... ..... ###..........._.
.............. +.............
. ...........###.....####....
..........# #.....# ....
..........# ##.#### ._.
..........# #+# .


You could see Duvessa, a quasit and a howler monkey skeleton.

Table legend:
 A = Kills in this place as a percentage of kills in entire the game.
 B = Kills by you in this place as a percentage of kills by you in the entire game.
 C = Kills by friends in this place as a percentage of kills by friends in the entire game.
 D = Other kills in this place as a percentage of other kills in the entire game.
 E = Experience gained in this place as a percentage of experience gained in the entire game.
 F = Experience gained in this place divided by the number of levels of this place that you have seen.
                   A       B       C       D       E      F
               +-------+-------+-------+-------+-------+----------------------
         Total | 100.0 | 100.0 | 100.0 |   N/A | 100.0 |  91.8
       Dungeon | 100.0 | 100.0 | 100.0 |   N/A | 100.0 |  91.8
               +-------+-------+-------+-------+-------+----------------------

Vanquished Creatures
  A hound (D:3)
  A worker ant (D:4)
  8 adders
  3 oozes
  5 worms
  2 dart slugs (D:3)
  2 leopard geckos (D:2)
  An orc (D:3)
  3 ball pythons
  5 giant cockroaches
  9 goblins
  12 hobgoblins
  2 jackals (D:3)
  6 kobolds
  2 quokkas (D:3)
  A ball python skeleton (D:4)
  A bat (D:1)
  6 frilled lizards
  9 rats
79 creatures vanquished.

Vanquished Creatures (collateral kills)
  Ijyb (D:3)
1 creature vanquished.

Grand Total: 80 creatures vanquished

Action                   |  1- 3 |  4- 6 || total
-------------------------+-------+-------++-------
Melee: Unarmed           |    66 |   121 ||   187
       Tentacles         |    13 |    19 ||    32
       Constrict         |    13 |    27 ||    40
       Kick              |     7 |    32 ||    39
       Punch             |     1 |     4 ||     5
 Cast: Beastly Appendage |    10 |    30 ||    40
       Sticks to Snakes  |       |     9 ||     9
  Use: Potion            |     2 |     2 ||     4
       Scroll            |       |     2 ||     2
 Stab: Sleeping          |     7 |     9 ||    16
  Eat: Chunk             |     1 |    11 ||    12
Armor: Skin              |     5 |     7 ||    12
Dodge: Dodged            |    35 |    74 ||   109
